 Dungeon Crawl Stone Soup version 0.17-a0-2127-g1cb09f6 (webtiles) character file.

13695 weak the Severer (level 11, -1/105 HPs)
             Began as a Demonspawn Berserker on Oct 21, 2015.
             Was a High Priest of Trog.
             Slain by a 16-headed hydra (4 damage)
             ... on level 1 of the Lair of Beasts.
             The game lasted 00:23:39 (7682 turns).

weak the Severer (Demonspawn Berserker)             Turns: 7682, Time: 00:23:39

Health: -1/105     AC: 33    Str: 18    XL:     11   Next: 79%
Magic:  12/12      EV:  2    Int: 11    God:    Trog [*****.]
Gold:   601        SH:  4    Dex: 13    Spells: 0 memorised, 10 levels left

rFire  . . .     SeeInvis .     A - +2 war axe (elec)
rCold  . . .     Clarity  +     (armour currently unavailable)
rNeg   + + +     SustAt   .     a - +1 buckler {rN+}
rPois  +         Gourm    .     (helmet currently unavailable)
rElec  .         Spirit   .     (cloak currently unavailable)
rCorr  .         Warding  .     (gloves currently unavailable)
rMut   .         NoTele   +     (boots currently unavailable)
MR     ++...                    G - amulet of clarity
Stlth  +.........               P - ring of Robustness {AC+8}
                                d - ring of protection from magic

@: exhausted, tree-form, slowed, studying Polearms, very slow, very resistant to
hostile enchantments, very unstealthy
A: (iridescent scales 0), blink, frail 1, high mp 1, magic resistance 1, powered
by death 2, regeneration 1, (spiny 0), subdued magic 2
a: Blink, Berserk, Trog's Hand, Brothers in Arms, Burn Spellbooks, Renounce
Religion


You were on level 1 of the Lair of Beasts.
You worshipped Trog.
Trog was extremely pleased with you.
You were near starving.
You were a tree.
You visited 2 branches of the dungeon, and saw 10 of its levels.
You also visited: Labyrinth.

You collected 601 gold pieces.

Inventory:

Hand Weapons
 A - a +2 war axe of electrocution (weapon)
Armour
 a - a +1 buckler of positive energy (worn)
 b - a +3 plate armour of fire resistance (melded)
 s - a +0 pair of boots (melded)
 t - the +0 cloak of Dithmenos (melded) {*Drain Slay+2 SInv Stlth+}
   (You found it on level 7 of the Dungeon)

   It affects your accuracy and damage with ranged weapons and melee attacks
   (+2).
   It lets you see invisible.
   It causes draining when unequipped.
   It makes you more stealthy.
 D - a +0 helmet (melded)
 E - a +0 pair of gloves (melded)
Rods
 N - a +4 iron rod (11/11)
   (You found it on level 9 of the Dungeon)
 Q - a +4 rod of the swarm (13/13)
   (You found it in a labyrinth)
Jewellery
 d - a ring of protection from magic (left branch)
 n - an uncursed ring of protection from fire
 q - an uncursed ring of fire
 u - a +1 ring of evasion
 v - an uncursed ring of teleportation
 G - an amulet of clarity (around neck)
 P - the ring of Robustness (right branch) {AC+8}
   (You found it in a labyrinth)

   [ring of protection]

   It affects your AC (+8).
 T - an uncursed ring of stealth
Wands
 k - a wand of slowing (7)
 r - a wand of fire (3)
 C - a wand of polymorph (6)
 J - a wand of draining (7)
 S - a wand of frost (28)
Scrolls
 f - 14 scrolls of identify
 h - 2 scrolls of noise
 l - 2 scrolls of enchant weapon
 x - 6 scrolls of teleportation
 z - a scroll of enchant armour
 H - a scroll of remove curse
Potions
 g - 2 potions of flight
 j - a potion of lignification
 B - a potion of resistance
 F - 2 potions of curing
 I - 2 potions of haste
 O - 2 potions of agility
Books
 K - a manual of Polearms
 L - a book of Death

   Spells                             Type                      Level
   a - Corpse Rot                     Necromancy                   2
   b - Sublimation of Blood           Necromancy                   2
   c - Agony                          Necromancy                   5
   d - Dispel Undead                  Necromancy                   5
   e - Excruciating Wounds            Charms/Necromancy            5
   f - Bolt of Draining               Conjuration/Necromancy       5
   Trog disapproves of the use of such an item.
 R - a book of Party Tricks

   Spells                             Type                      Level
   a - Summon Butterflies             Summoning                    1
   b - Apportation                    Translocation                1
   c - Tukima's Dance                 Hexes                        3
   d - Alistair's Intoxication        Transmutation/Poison         4
   e - Invisibility                   Hexes                        6
   Trog disapproves of the use of such an item.
Comestibles
 c - 4 bread rations
 m - 3 fruits
 o - 2 beef jerkies
 p - 3 meat rations
 w - 8 royal jellies


   Skills:
 + Level 4.8 Fighting
 + Level 16.0 Axes
 + Level 4.1 Armour
 - Level 1.7 Dodging


You had 10 spell levels left.
You didn't know any spells.

Dungeon Overview and Level Annotations

Branches:
Dungeon (9/15)             Temple (0/1) D:6            Lair (1/8) D:9
    Orc: D:9-12

Altars:
Dithmenos
Fedhas
Gozag
Okawaru
Qazlal
Ru
Sif Muna
Trog
Zin

Shops:
D:7 *


Innate Abilities, Weirdness & Mutations

((You are mostly covered in iridescent scales (AC +6).))
You regenerate health from kills.
((You are mostly covered in sharp spines.))
You can translocate small distances at will.
You are frail (-10% HP).
You have an increased reservoir of magic (+10% MP).
You are resistant to hostile enchantments.
Your natural rate of healing is unusually fast.
Your spells are easier to cast, but less powerful.


Message History

Okay, then.
Drink which item? (? for menu, Esc to quit)
You turn into a tree.
The +0 cloak of Dithmenos {*Drain Slay+2 SInv Stlth+} melds into your body.
Your +0 helmet melds into your body.
Your +0 pair of gloves melds into your body.
Your +0 pair of boots melds into your body.
Your +3 plate armour of fire resistance melds into your body.
You feel less resistant to fire.
Your roots penetrate the ground.
You feel strangely stable.
The 16-headed hydra bites you but does no damage. x2
You block the 16-headed hydra's attack.
The 16-headed hydra bites you but does no damage. x8
You block the 16-headed hydra's attack.
The 16-headed hydra bites you but does no damage. x2
The 16-headed hydra bites you.
* * * LOW HITPOINT WARNING * * *
The 16-headed hydra bites you but does no damage. x2
The 16-headed hydra bites you.
You die...

## .########### ***
...........# *##P*
#.#.##[###.# *#...*
######## #.# ##**##..#,*
#.## *.##....#,** #.P#
##.....#,,,*
#.####.♣..#,,,,**
#......D.####,,*
##.###..##,.#,,*
####.#.#,..#*,*
###.##.##..#
#####.......##
######.##.††###...#
#................#*
#######.#####.#...#.#.#.#


You could see a 16-headed hydra.

Vanquished Creatures
  A minotaur (Lab)
  A hydra (D:9)
  A griffon (D:9)
  A manticore (D:9)
  A black mamba (Lair:1)
  Psyche (D:8)
  3 spiny frogs (Lair:1)
  A fire drake (Lair:1)
  A queen bee (D:8)
  A two-headed ogre (D:9)
  Grinder (D:4)
  Prince Ribbit (D:5)
  A troll (D:9)
  20 yaks
  2 hungry ghosts
  A hippogriff (Lair:1)
  A wolf (Lair:1)
  Edmund (D:5)
  3 water moccasins
  Duvessa (D:4)
  2 necrophages
  An ice beast (D:8)
  A porcupine (Lair:1)
  3 sky beasts
  A black bear (D:7)
  3 orc warriors
  A phantom (D:7)
  4 ogres
  A crocodile (Lair:1)
  3 centaurs
  A wasp (D:9)
  5 giant frogs
  Blork the orc (D:6)
  Dowan (D:4)
  A wyvern skeleton (D:9)
  8 scorpions
  21 killer bees
  A wight (D:9)
  4 electric eels (D:9)
  A giant frog zombie (D:7)
  A jelly (D:8)
  Crazy Yiuf (D:2)
  3 orc priests
  A centaur skeleton (D:9)
  2 giant frog skeletons (D:7)
  A gnoll shaman (D:7)
  3 orc wizards
  4 hounds
  2 iguanas
  A killer bee zombie (D:7)
  5 worker ants
  3 hound skeletons
  A worker ant zombie (D:6)
  4 gnolls (D:7)
  7 river rats (Lair:1)
  9 adders
  3 worms (D:3)
  2 giant geckos
  38 orcs
  A ball python (D:3)
  12 bats
  4 giant cockroaches
  4 goblins
  4 hobgoblins
  2 quokkas
  A giant gecko skeleton (D:8)
  3 giant newts
  9 jackals
  11 kobolds
  A quokka skeleton (D:8)
  4 rats
255 creatures vanquished.

Vanquished Creatures (others)
  An orc wizard (D:4)
  2 orcs (D:9)
  6 plants
9 creatures vanquished.

Grand Total: 264 creatures vanquished

Notes
Turn   | Place    | Note
--------------------------------------------------------------
     0 | D:1      | weak the Demonspawn Berserker began the quest for the Orb.
     0 | D:1      | Reached XP level 1. HP: 18/18 MP: 1/1
   567 | D:1      | Gained mutation: You regenerate a little health from kills. [demonic ancestry]
   567 | D:1      | Reached XP level 2. HP: 24/24 MP: 2/2
  1088 | D:2      | Noticed Crazy Yiuf
  1098 | D:2      | Killed Crazy Yiuf
  1098 | D:2      | Reached skill level 4 in Axes
  1098 | D:2      | Gained mutation: You are partially covered in sharp spines. [demonic ancestry]
  1098 | D:2      | Reached XP level 3. HP: 2/29 MP: 3/3
  1316 | D:2      | Reached ** piety under Trog
  1352 | D:2      | Gained mutation: You regenerate health from kills. [demonic ancestry]
  1352 | D:2      | Reached XP level 4. HP: 35/35 MP: 4/4
  1927 | D:3      | Reached skill level 5 in Axes
  1956 | D:3      | Found an opulent altar of Gozag.
  1998 | D:3      | Gained mutation: You are partially covered in iridescent scales (AC +4). [demonic ancestry]
  1998 | D:3      | Reached XP level 5. HP: 41/41 MP: 5/5
  2359 | D:4      | Noticed Duvessa
  2361 | D:4      | Noticed Grinder
  2361 | D:4      | Found a stormy altar of Qazlal.
  2372 | D:4      | Paralysed by Grinder for 7 turns
  2388 | D:4      | Paralysed by Grinder for 4 turns
  2389 | D:4      | Killed Grinder
  2389 | D:4      | Reached skill level 6 in Axes
  2389 | D:4      | Gained mutation: You are mostly covered in sharp spines. [demonic ancestry]
  2389 | D:4      | Reached XP level 6. HP: 19/47 MP: 6/6
  2486 | D:4      | Noticed Dowan
  2507 | D:4      | Killed Duvessa
  2507 | D:4      | Reached skill level 7 in Axes
  2531 | D:4      | Killed Dowan
  2531 | D:4      | Reached *** piety under Trog
  2531 | D:4      | Reached XP level 7. HP: 39/52 MP: 5/7
  2844 | D:5      | Entered Level 5 of the Dungeon
  2854 | D:5      | Noticed Prince Ribbit
  2864 | D:5      | Killed Prince Ribbit
  2864 | D:5      | Reached skill level 8 in Axes
  2877 | D:5      | Found a glowing silver altar of Zin.
  2878 | D:5      | Found a shadowy altar of Dithmenos.
  2881 | D:5      | Found a bloodstained altar of Trog.
  2883 | D:5      | Found a deep blue altar of Sif Muna.
  2883 | D:5      | Found a sacrificial altar of Ru.
  2932 | D:5      | Found an iron altar of Okawaru.
  3026 | D:5      | Noticed Edmund
  3041 | D:5      | Killed Edmund
  3041 | D:5      | Reached skill level 9 in Axes
  3041 | D:5      | Reached XP level 8. HP: 41/58 MP: 8/8
  3071 | D:5      | Found a shadowy altar of Dithmenos.
  3487 | D:6      | Gained mutation: You are frail (-10% HP). [mutagenic meat]
  3488 | D:6      | Gained mutation: Your spells are a little easier to cast, but a little less powerful. [mutagenic meat]
  3489 | D:6      | Gained mutation: Your natural rate of healing is unusually fast. [mutagenic meat]
  3490 | D:6      | Gained mutation: Your spells are easier to cast, but less powerful. [mutagenic meat]
  3491 | D:6      | Gained mutation: You can translocate small distances at will. [mutagenic meat]
  3492 | D:6      | Gained mutation: You have an increased reservoir of magic (+10% MP). [mutagenic meat]
  3528 | D:6      | Reached **** piety under Trog
  3580 | D:6      | Noticed Blork the orc
  3582 | D:6      | Killed Blork the orc
  3622 | D:6      | Found a staircase to the Ecumenical Temple.
  4058 | D:7      | Reached XP level 9. HP: 59/59 MP: 9/9
  4061 | D:7      | Reached skill level 10 in Axes
  4266 | D:7      | Found a blossoming altar of Fedhas.
  4305 | D:7      | Found Rejal's Assorted Antiques.
  4474 | D:7      | Reached skill level 11 in Axes
  4485 | D:7      | Got a fine cloak
  4496 | D:7      | Identified the +0 cloak of Dithmenos {*Drain Slay+2 SInv Stlth+} (You found it on level 7 of the Dungeon)
  4995 | D:8      | Reached skill level 12 in Axes
  5002 | D:8      | Gained mutation: You are mostly covered in iridescent scales (AC +6). [demonic ancestry]
  5002 | D:8      | Reached XP level 10. HP: 63/65 MP: 11/11
  5226 | D:8      | Noticed Psyche
  5235 | D:8      | Killed Psyche
  5466 | D:8      | Reached skill level 13 in Axes
  5621 | D:9      | Noticed a griffon
  5624 | D:9      | Noticed a manticore
  5633 | D:9      | Noticed a seven-headed hydra
  5633 | D:9      | Killed a griffon
  5636 | D:9      | Killed a manticore
  5643 | D:9      | Killed a 12-headed hydra
  5643 | D:9      | Reached skill level 14 in Axes
  5693 | D:9      | Found a staircase to the Lair.
  5719 | D:9      | Gained mutation: You are resistant to hostile enchantments. [potion of beneficial mutation]
  5746 | D:9      | Reached XP level 11. HP: 70/70 MP: 12/12
  5828 | D:9      | Reached ***** piety under Trog
  6562 | Lair:1   | Entered Level 1 of the Lair of Beasts
  6568 | Lair:1   | Reached skill level 15 in Axes
  6582 | Lair:1   | Found a labyrinth entrance.
  6593 | Lair:1   | Received a gift from Trog
  6613 | Lab      | Entered a labyrinth
  7090 | Lab      | Noticed a minotaur
  7099 | Lab      | Killed a minotaur
  7127 | Lab      | Identified a +4 rod of the swarm (13/13) (You found it in a labyrinth)
  7349 | Lair:1   | Received a gift from Trog
  7575 | Lair:1   | Reached skill level 16 in Axes
  7660 | Lair:1   | Noticed a six-headed hydra
  7681 | Lair:1   | HP: 2/70 [16-headed hydra (4)]
  7682 | Lair:1   | Slain by a 16-headed hydra

Vault maps used:
D:1:      minmay_arrival_four_circles, serial_co_window_serial,
          co_window_corner_a, co_window_of_opportunity_a,
          co_window_of_opportunity_a, co_window_paths_b,
          co_window_of_opportunity_a, co_window_of_opportunity_c,
          co_window_corner_b, co_window_corner_b, co_window_2corner,
          co_window_of_opportunity_b, co_window_paths_c, glass_columns_c
D:2:      roderic_nine_men_s_morris, minmay_box_of_dots, uniq_crazy_yiuf_cottage
D:3:      first_bread, grunt_gozag_breadcrumbs
D:4:      old_standard_altar, uniq_duvessa, uniq_grinder
D:5:      old_forge, grunt_temple_overflow_open, kennysheep_mini,
          grunt_dithmenos_smoke_and_mirrors, uniq_prince_ribbit1, uniq_edmund
D:6:      temple_green, uniq_blork_the_orc
D:7:      serial_shops, shop, fedhas_altar_decomposition
D:8:      david_nohive_1, uniq_psyche
D:9:      wad_woods_minihive, lair_0_dummy, minmay_radiant
Lair:1:   lab_entry_generic, beast_lair_carwin_3
Lab:      nicolae_lab_arrow, nicolae_lab_t_cross, labyrinth_fake_exit

Action                   |  1- 3 |  4- 6 |  7- 9 | 10-12 || total
-------------------------+-------+-------+-------+-------++-------
Melee: Hand axe          |   119 |   103 |   107 |       ||   329
       War axe           |       |       |   110 |   239 ||   349
Invok: Berserk           |     1 |     1 |     1 |     3 ||     6
 Abil: Evoke Teleportati |       |     1 |       |       ||     1
  Use: Scroll            |       |    11 |     1 |     6 ||    18
       Potion            |       |     3 |     5 |     3 ||    11
 Stab: Invisible         |       |     2 |       |       ||     2
  Eat: Chunk             |     3 |     2 |    17 |    12 ||    34
       Pizza             |       |     1 |       |     1 ||     2
